 Dungeon Crawl Stone Soup version 0.29-a0-477-g62b78b4225 (webtiles) character file.

Game seed: 10243700695325988760

452 KristoblXynda the Sneak (level 7, -6/66 HPs)
             Began as a Naga Monk on May 25, 2022.
             Mangled by Eustachio
             ... wielding a +0 rapier
              (8 damage)
             ... on level 4 of the Dungeon.
             The game lasted 00:04:43 (5228 turns).

KristoblXynda the Sneak (Naga Monk)                 Turns: 5228, Time: 00:04:43

Health: -6/66      AC:  3    Str: 15    XL:     7   Next: 4%
Magic:  7/7        EV: 11    Int: 11    God:
Gold:   298        SH:  0    Dex: 13    Spells: 6/6 levels left

rFire   . . .      SeeInvis +     - Unarmed
rCold   . . .      Faith    .   (no shield)
rNeg    . . .      Spirit   .   a - +0 robe
rPois   +          Reflect  .   (no helmet)
rElec   .          Harm     .   (no cloak)
rCorr   .          Rampage  .   (no gloves)
Will    .....                   (no barding)
Stlth   +++.......              (no amulet)
HPRegen 0.21/turn               (no ring)
MPRegen 0.10/turn               (no ring)

@: mighty, very slow
A: AC +2, large, see invisible, deformed body, poison resistance, slowness 2,
spit poison 1, naga tail 1
a: Spit Poison


You were on level 4 of the Dungeon.
You visited 1 branch of the dungeon, and saw 4 of its levels.

You collected 298 gold pieces.

Inventory:

Hand Weapons
 h - a +2 short sword of electrocution
Armour
 a - a +0 robe (worn)
 d - +0 acid dragon scales
Wands
 i - a wand of digging (1)
Scrolls
 b - a scroll of amnesia {unknown}
 c - a scroll of identify
 f - a scroll of blinking
Potions
 e - a potion of mutation


   Skills:
 + Level 4.5 Fighting
 + Level 0.4 Armour
 + Level 3.8 Dodging
 + Level 5.9 Stealth
 + Level 4.7 Unarmed Combat


You had 6 spell levels left.
You didn't know any spells.
Your spell library contained the following spells:

 Spells                   Type           Power      Damage    Failure   Level
 Sting                    Tmut/Pois      0%         1d3       34%         1
 Blink                    Tloc           0%         N/A       47%         2
 Poisonous Vapours        Pois/Air       0%         N/A       47%         2
 Dazzling Flash           Conj/Hex       0%         N/A       71%         3
 Lesser Beckoning         Tloc           0%         N/A       71%         3
 Anguish                  Hex/Necr       0%         N/A       98%         4
 Iskenderun's Mystic Bla  Conj/Tloc      0%         2d3       98%         4
 Olgreb's Toxic Radiance  Pois           0%         N/A       98%         4
 Manifold Assault         Tloc           0%         N/A       100%        5
 Starburst                Conj/Fire      0%         6d3       100%        6
 Enfeeble                 Hex            0%         N/A       100%        7


Dungeon Overview and Level Annotations

Branches:
Dungeon (4/15)
 Temple: D:4-7

Altars:

Annotations:
D:4 3 runed translucent doors, Eustachio; Gargoyl's ghost, amateur GrBe; JosephDoom's ghost, novice DsWn; Natasha


Innate Abilities, Weirdness & Mutations

Your serpentine skin is tough. (AC +2)
You have supernaturally acute eyesight. (SInv)
Armour fits poorly on your strangely shaped body.
Your system is resistant to poisons. (rPois)
You cover ground very slowly.
You can spit poison.
You have a snake-like lower body.


Message History

Natasha mumbles some strange words.
You barely miss the river rat.
The river rat is severely wounded.
The river rat barely misses you.
You punch the river rat!
You kill the river rat!
The river rat's corpse disappears in a puff of smoke!
You punch the quokka!
You kill the quokka!
The quokka's corpse disappears in a puff of smoke!
Eustachio casts a spell.
You punch the bat!
You kill the bat!
The bat's corpse disappears in a puff of smoke!
The quokka twitches its whiskers.
You punch Eustachio!
Eustachio is lightly wounded.
Eustachio hits you with a +0 rapier.
* * * LOW HITPOINT WARNING * * *
You punch Eustachio!
Eustachio is moderately wounded.
Eustachio asks, "How can you live without manners, virtues and honour?"
Eustachio hits you with a +0 rapier.
* * * LOW HITPOINT WARNING * * *
You closely miss Eustachio.
Eustachio is moderately wounded.
Eustachio misses you.
You barely miss Eustachio.
Eustachio is moderately wounded.
Eustachio closely misses you.
Unknown command.
You closely miss Eustachio.
Eustachio is moderately wounded.
Eustachio misses you.
You closely miss Eustachio. Your punch misses Eustachio.
Eustachio is moderately wounded.
You punch Eustachio!
Eustachio is severely wounded.
Eustachio hits you with a +0 rapier!
You die...

....# .##.#.. .......
..#.# #....... ### #
....... ##.## # ...... ...
.# #...# #.##### ## #...#
#@#... #...# ##@#.#####
#...#######rrh.....#.#
#...............<.....
#####...#####.#.....#.....
...........<..##.#.......)
.............§...##.#.....
..........§...#### .#.#...
#.###...#####.# .# # ..


You could see Eustachio, Natasha, a quokka (summoned) and a rat (summoned).

Vanquished Creatures
  A phantom (D:4)
  A scorpion (D:2)
  2 hounds (D:4)
  3 iguanas (D:4)
  Natasha (D:4)
  6 adders
  An ufetubus (D:4)
  5 worms
  3 dart slugs
  8 ball pythons
  2 bats (D:2)
  9 endoplasms
  4 giant cockroaches
  2 hobgoblins
  4 jackals (D:2)
  5 kobolds
  5 quokkas
  2 frilled lizards (D:3)
  9 goblins
  5 rats
78 creatures vanquished.

Notes
Turn   | Place    | Note
-------+----------+-------------------------------------------
     0 | D:1      | KristoblXynda the Naga Monk began the quest for the Orb.
     0 | D:1      | Reached XP level 1. HP: 21/21 MP: 1/1
   203 | D:1      | Reached XP level 2. HP: 19/28 MP: 2/2
  1111 | D:2      | Reached XP level 3. HP: 28/34 MP: 3/3
  1253 | D:2      | Noticed a scorpion
  1262 | D:2      | Killed a scorpion
  1263 | D:2      | Reached skill level 4 in Stealth
  1263 | D:2      | Reached XP level 4. HP: 14/43 MP: 4/4
  1857 | D:2      | Reached XP level 5. HP: 50/50 MP: 5/5
  4018 | D:4      | Reached skill level 5 in Stealth
  4085 | D:4      | Noticed a phantom
  4134 | D:4      | Killed a phantom
  4135 | D:4      | Reached XP level 6. HP: 39/57 MP: 6/6
  4756 | D:4      | Noticed Natasha
  4764 | D:4      | Killed Natasha
  5096 | D:4      | Found a runed translucent gate.
  5103 | D:4      | Found a runed translucent gate.
  5105 | D:4      | Found a runed translucent gate.
  5107 | D:4      | Noticed JosephDoom's ghost (novice DsWn)
  5107 | D:4      | Noticed Gargoyl's ghost (amateur GrBe)
  5166 | D:4      | Noticed Natasha
  5193 | D:4      | Noticed Eustachio
  5214 | D:4      | Reached XP level 7. HP: 22/66 MP: 7/7
  5223 | D:4      | HP: 1/66 [Eustachio/+0 rapier (3)]
  5228 | D:4      | Mangled by Eustachio

Illustrated notes

Levels and vault maps discovered:
D:1:      heliophobic_arrival_battle_scene, layout_loops_ring
D:2:      minmay_skewed_foursquare, layout_basic
D:3:      layout_rooms
D:4:      layout_loops_cross, gammafunk_ghost_cemetery, minmay_bent,
          uniq_edmund, uniq_natasha, uniq_eustachio

Skill      XL: |  1  2  3  4  5 |
---------------+----------------+-----
Dodging        | 3 |  3.8
Stealth        | 4 5 |  5.9
Unarmed Combat | 4 |  4.7
Fighting       | 4 |  4.5
Armour         | |  0.4

Action                   |  1- 3 |  4- 6 |  7- 9 || total
-------------------------+-------+-------+-------++-------
Melee: Unarmed           |    70 |   148 |    15 ||   233
       Punch             |     1 |     8 |       ||     9
       Short sword       |       |    77 |       ||    77
 Abil: Spit Poison       |     6 |    11 |       ||    17
  Use: Scroll            |     1 |     3 |       ||     4
       Potion            |     1 |     2 |       ||     3
 Stab: Sleeping          |     6 |    10 |       ||    16
       Distracted        |       |     2 |       ||     2
Armor: Robe              |     5 |    50 |       ||    55
       Skin              |       |    14 |       ||    14
Dodge: Dodged            |    27 |   150 |     5 ||   182

Table legend: (Time is in decaauts)
 A = Elapsed time spent in this place.
 B = Non-inter-level travel time spent in this place.
 C = Inter-level travel time spent in this place.
 D = Time resting spent in this place.
 E = Time spent auto-exploring this place.
 F = Levels seen in this place.
 G = Mean time per level.
                   A        B        C        D        E       F      G
               +--------+--------+--------+--------+--------+-----+--------+
         Total |   6018 |   5885 |    133 |   2030 |   3097 |   4 | 1504.5 |
       Dungeon |   6018 |   5885 |    133 |   2030 |   3097 |   4 | 1504.5 |
               +--------+--------+--------+--------+--------+-----+--------+

Top non-repeatable levels by time:
     D:2: 2375 daAuts
     D:4: 1362 daAuts
     D:1: 1298 daAuts
     D:3: 981 daAuts
